 Dungeon Crawl Stone Soup version 0.29.1-4-g47bece8355 (webtiles) character file.

Game seed: 12987797467659577094

12 sanboga the Ruffian (level 2, -5/16 HPs)
             Began as a Vine Stalker Berserker on Dec 6, 2022.
             Was a Follower of Trog.
             Slain by Jessica
             ... wielding a +0 club
              (6 damage)
             ... on level 2 of the Dungeon.
             The game lasted 00:00:47 (1114 turns).

sanboga the Ruffian (Vine Stalker Berserker)        Turns: 1114, Time: 00:00:48

Health: -5/16      AC:  3    Str: 19    XL:     2   Next: 33%
Magic:  0/3        EV: 12    Int:  7    God:    Trog [*.....]
Gold:   55         SH:  0    Dex: 13    Spells: 1/1 levels left

rFire   . . .      SeeInvis .     - Unarmed
rCold   . . .      Faith    .   (no shield)
rNeg    . . .      Spirit   +   a - +0 animal skin
rPois   .          Reflect  .   (no helmet)
rElec   .          Harm     .   (no cloak)
rCorr   .          Rampage  .   e - +0 pair of gloves
Will    .....                   (no boots)
Stlth   +.........              (no amulet)
HPRegen 0.05/turn               (no ring)
MPRegen 0.08/turn               (no ring)

@: no status effects
A: fangs 2, magic shield, antimagic bite, no potion heal 2
a: Renounce Religion, Berserk


You were on level 2 of the Dungeon.
You worshipped Trog.
Trog was aware of your devotion.
You visited 1 branch of the dungeon, and saw 2 of its levels.

You collected 55 gold pieces.

Inventory:

Armour
 a - a +0 animal skin (worn)
 e - a +0 pair of gloves (worn)
Scrolls
 b - 2 scrolls of identify {unknown}
 d - a scroll of amnesia {unknown}
 g - a scroll of teleportation {unknown}
 h - a scroll of enchant armour {unknown}
Potions
 c - a potion of attraction {unknown}
 f - 2 potions of mutation {unknown}
 i - a potion of curing {unknown}


   Skills:
 + Level 2.8 Fighting
 + Level 1.7 Armour
 + Level 1.7 Dodging
 * Level 3.3 Unarmed Combat


You had one spell level left.
You didn't know any spells.
Your spell library was empty.

Dungeon Overview and Level Annotations

Branches:
Dungeon (2/15)

Altars:

Annotations:
D:2 Jessica


Innate Abilities, Weirdness & Mutations

You have extremely sharp teeth.
When hurt, damage is shared between your health and your magic reserves.
Your bite disrupts and absorbs the magic of your enemies.
Potions cannot restore your health.


Message History

You kill the quokka!
Trog accepts your kill.
No target in view!
You now have 55 gold pieces (gained 9).
i - a bubbling emerald potion No target in view!
A hobgoblin comes into view.
The hobgoblin shouts!
A hobgoblin is nearby!
A hobgoblin is nearby!
Jessica the Apprentice Sorceress comes into view.
She is wielding a +0 club.
Jessica shouts!
Jessica moves out of view.
The hobgoblin hits you.
There are monsters nearby!
You closely miss the hobgoblin. Your bite misses the hobgoblin.
The hobgoblin hits you.
You hit the hobgoblin.
You kill the hobgoblin!
Trog accepts your kill.
You closely miss Jessica. Your bite misses Jessica.
Jessica hits you with a +0 club.
You closely miss Jessica. Jessica hits you but does no damage.
You hit Jessica.
Jessica is heavily wounded.
Jessica hits you with a +0 club.
You closely miss Jessica.
Jessica is heavily wounded.
Jessica gestures at you while chanting.
You barely resist. You hit Jessica. Your bite misses Jessica.
Jessica is almost dead.
Jessica casts a spell at you. Pain shoots through your body!
Ouch! That really hurt!
* * * LOW HITPOINT WARNING * * *
You hit Jessica but do no damage.
Jessica is almost dead.
Jessica hits you with a +0 club.
You die...

.###...##...#........#######.#
#...###.................#.#
###...# #.......#####.......#
....#####...(...#####.###.###
..........................#
#.........###.##.....#.##..#
#.......<............#.....#
.........###.##.....#####.#
.........# #@##### #.#
..########....@.# #.# .
........# #.# ........# #.#
........# #.# ........# #.#
........# #.# .........


You could see Jessica.

Vanquished Creatures
  A bat (D:1)
  An endoplasm (D:1)
  A giant cockroach (D:1)
  2 hobgoblins
  A kobold (D:1)
  2 quokkas
  A goblin (D:1)
  A rat (D:1)
10 creatures vanquished.

Notes
Turn   | Place    | Note
-------+----------+-------------------------------------------
     0 | D:1      | sanboga the Vine Stalker Berserker began the quest for the
                  | Orb.
     0 | D:1      | Reached XP level 1. HP: 11/11 MP: 2/2
   601 | D:1      | Reached XP level 2. HP: 7/16 MP: 1/3
  1104 | D:2      | Noticed Jessica
  1114 | D:2      | Slain by Jessica

Illustrated notes

Levels and vault maps discovered:
D:1:      minmay_arrival_nine_rooms, layout_loops_cross
D:2:      layout_basic, uniq_terence, uniq_robin, uniq_jessica

Action                   || total
-------------------------++-------
Melee: Unarmed           ||    29
       Bite              ||     4
 Stab: Sleeping          ||     1
Armor: Animal skin       ||     6
Dodge: Dodged            ||     8
